 Dungeon Crawl Stone Soup version 0.27-a0-1273-gec92ba881d (webtiles) character file.

Game seed: 12787040473502284695

530 ZappyNine the Vexing (level 7, -9/67 HPs)
             Began as an Ogre Arcane Marksman on June 11, 2021.
             Was an Initiate of Okawaru.
             Succumbed to a water moccasin's poison
             ... on level 5 of the Dungeon.
             The game lasted 00:09:49 (6074 turns).

ZappyNine the Vexing (Ogre Arcane Marksman)         Turns: 6074, Time: 00:09:50

Health: -9/67      AC:  3    Str: 14 (16) XL:     7   Next: 24%
Magic:  10/12      EV: 10    Int: 14      God:    Okawaru [......]
Gold:   128        SH:  0    Dex: 16      Spells: 7/13 levels left

rFire    . . .     SeeInvis .   c - +0 flail (vorpal)
rCold    . . .     Faith    .   (no shield)
rNeg     . . .     Spirit   .   a - +0 robe
rPois    .         Reflect  .   (helmet restricted)
rElec    .         Harm     .   (no cloak)
rCorr    .         Rampage  .   (gloves unavailable)
Will     .....                  (boots unavailable)
Stlth    +.........             u - amulet of regeneration
HPRegen  1.21/turn              j - ring of wizardry
MPRegen  0.13/turn              m - +6 ring of dexterity

@: lethally poisoned (-9 -> -43)
A: large, unfitting armour, tough skin 1
a: Renounce Religion


You were on level 5 of the Dungeon.
You worshipped Okawaru.
Okawaru was noncommittal.
You visited 2 branches of the dungeon, and saw 6 of its levels.

You collected 128 gold pieces.

Inventory:

Hand Weapons
 c - a +0 vorpal flail (weapon)
Missiles
 b - 36 stones (quivered)
 d - a throwing net
 e - 3 large rocks
Armour
 a - a +0 robe (worn)
Jewellery
 f - an amulet of the acrobat
 j - a ring of wizardry (left hand)
 m - a +6 ring of dexterity (right hand)
 n - a ring of positive energy
 u - an amulet of regeneration (around neck)
Wands
 i - a wand of acid (6)
 p - a wand of iceblast (13)
Scrolls
 h - 2 scrolls of teleportation
Potions
 g - 3 potions of curing
 k - a potion of might
 l - 2 potions of haste {unknown}
 o - a potion of degeneration


   Skills:
 + Level 3.1 Fighting
 + Level 1.2 Maces & Flails
 + Level 3.1 Throwing
 - Level 2.0 Dodging
 - Level 0.1 Stealth
 - Level 3.7 Spellcasting
 - Level 4.4 Hexes
 - Level 2.8 Translocations


You had 7 spell levels left.
You knew the following spells:

 Your Spells              Type           Power      Damage    Failure   Level
a - Corona                Hex            16%        N/A       1%          1
b - Slow                  Hex            15%        N/A       1%          2
c - Portal Projectile     Hex/Tloc       24%        N/A       5%          3

Your spell library contained the following spells:

 Spells                   Type           Power      Damage    Failure   Level
 Ensorcelled Hibernation  Hex/Ice        16%        N/A       4%          2
 Confusing Touch          Hex            15%        N/A       4%          3
 Tukima's Dance           Hex            15%        N/A       4%          3
 Gell's Gravitas          Tloc           5%         N/A       8%          3
 Dazzling Flash           Conj/Hex       16%        N/A       10%         3
 Inner Flame              Hex/Fire       8%         N/A       10%         3
 Cause Fear               Hex            7%         N/A       12%         4
 Leda's Liquefaction      Hex/Erth       4%         N/A       30%         4
 Petrify                  Tmut/Erth      2%         N/A       58%         4
 Metabolic Englaciation   Hex/Ice        4%         N/A       61%         5
 Yara's Violent Unravell  Hex/Tmut       4%         3d4       61%         5


Dungeon Overview and Level Annotations

Branches:
Dungeon (5/15)             Temple (1/1) D:5

Altars:
Ashenzari
Elyvilon
Fedhas
Gozag
Hepliaklqana
Kikubaaqudgha
Makhleb
Nemelex Xobeh
Okawaru
Qazlal
Ru
Sif Muna
Trog
Wu Jian
Xom
Yredelemnul


Innate Abilities, Weirdness & Mutations

You are too large for most types of armour.
You have tough skin. (AC +1)


Message History

The water moccasin completely misses you.
The water moccasin barely misses you.
Unknown command.
You closely miss the water moccasin.
The water moccasin is almost dead.
You feel sick. The water moccasin bites you.
Unknown command.
You hit the water moccasin but do no damage.
The water moccasin is almost dead.
You feel sick.
The water moccasin bites you but does no damage.
The water moccasin closely misses you.
You barely miss the water moccasin.
The water moccasin is almost dead.
You feel sick.
You are no longer poisoned.
The water moccasin bites you. x2
You are poisoned.
The water moccasin poisons you!
You completely miss the water moccasin.
The water moccasin is almost dead.
You feel very sick. The water moccasin closely misses you.
The water moccasin bites you.
* * * LOW HITPOINT WARNING * * *
You are more poisoned.
The water moccasin poisons you!
You barely miss the water moccasin.
The water moccasin is almost dead.
* * * LOW HITPOINT WARNING * * *
You feel extremely sick. The water moccasin bites you.
* * * LOW HITPOINT WARNING * * *
You are more poisoned.
The water moccasin poisons you! The water moccasin bites you.
* * * LOW HITPOINT WARNING * * *
You are more poisoned.
The water moccasin poisons you!
You miss the water moccasin.
The water moccasin is almost dead.
You die...

#............#....#.##
?..........###..###.#
...............# ...
#......#......# ....#
#....#.##.....#....##
#...##..#..........#
....##..####...##..
...............#
........@S..#....#
....#.......#.#.##
.####.......##.##
#.........# ##
##......### #.......
###....# #...##


You could see a water moccasin.

Vanquished Creatures
  An ogre (D:5)
  A phantom (D:4)
  A scorpion (D:4)
  A bullfrog skeleton (D:5)
  2 orc priests (D:5)
  An iguana (D:3)
  4 adders
  4 gnolls (D:4)
  An adder skeleton (D:4)
  A worm (D:3)
  2 dart slugs
  8 orcs
  14 endoplasms
  4 goblins
  11 hobgoblins
  14 jackals
  3 quokkas
  11 ball pythons
  4 bats
  7 frilled lizards
  12 kobolds
  6 rats
113 creatures vanquished.

Notes
Turn   | Place    | Note
-------+----------+-------------------------------------------
     0 | D:1      | ZappyNine the Ogre Arcane Marksman began the quest for the
                  | Orb.
     0 | D:1      | Reached XP level 1. HP: 19/19 MP: 2/2
   485 | D:1      | Found a faded altar of an unknown god.
   514 | D:1      | Reached XP level 2. HP: 11/27 MP: 4/4
   777 | D:1      | Learned a level 2 spell: Slow
  1110 | D:1      | Reached skill level 3 in Hexes
  1507 | D:1      | Reached XP level 3. HP: 35/35 MP: 3/5
  2876 | D:1      | Learned a level 3 spell: Portal Projectile
  2894 | D:2      | Reached XP level 4. HP: 42/42 MP: 2/7
  3797 | D:3      | Reached skill level 1 in Translocations
  4194 | D:3      | Reached XP level 5. HP: 28/49 MP: 1/8
  4937 | D:4      | Noticed a phantom
  4969 | D:4      | Killed a phantom
  4970 | D:4      | Reached skill level 4 in Hexes
  4970 | D:4      | Reached XP level 6. HP: 57/57 MP: 8/10
  5068 | D:4      | Found a sacrificial altar of Ru.
  5258 | D:4      | Found a sparkling altar of Nemelex Xobeh.
  5456 | D:5      | Entered Level 5 of the Dungeon
  5456 | D:5      | Noticed a water moccasin
  5708 | D:5      | Found a staircase to the Ecumenical Temple.
  5728 | Temple   | Entered the Ecumenical Temple
  5804 | Temple   | Became a worshipper of Warmaster Okawaru
  5899 | D:4      | Reached skill level 1 in Maces & Flails
  5899 | D:4      | Reached XP level 7. HP: 47/66 MP: 6/12
  6073 | D:5      | HP: 2/67 [water moccasin (4)]
  6074 | D:5      | Succumbed to a water moccasin's poison

Illustrated notes

Levels and vault maps discovered:
D:1:      erik_arrival_orb_chamber, layout_loops_corners,
          hellmonk_ecumenical_altar_dog_temple
D:2:      layout_rooms
D:3:      layout_loops_ring
D:4:      layout_rooms, nicolae_ru_the_path_less_chosen,
          nemelex_diamond_rough_becter
D:5:      layout_cave_pools, kennysheep_mini_moat, lemuel_doored_altar,
          minmay_temple_entry_ruins, uniq_edmund
Temple:   zaba_magenta_temple

Skill      XL: |  1  2  3  4  5  6  7 |
---------------+----------------------+-----
Dodging        | 2 |  2.0
Hexes          | 3 4 |  4.4
Fighting       | 2 3 |  3.1
Spellcasting   | 2 3 |  3.7
Translocations | 1 2 |  2.8
Maces & Flails | 1 |  1.2
Throwing       | 3 |  3.1
Stealth        | |  0.1

Action                   |  1- 3 |  4- 6 |  7- 9 || total
-------------------------+-------+-------+-------++-------
Melee: Whip              |   155 |    59 |       ||   214
       Unarmed           |    11 |       |       ||    11
       Flail             |       |   122 |    32 ||   154
Throw: Large rock        |    12 |    21 |       ||    33
       Stone             |       |    72 |       ||    72
       Throwing net      |       |     3 |       ||     3
 Cast: Corona            |     5 |       |     2 ||     7
       Slow              |     2 |     8 |     2 ||    12
       Portal Projectile |     1 |     9 |       ||    10
  Use: Scroll            |       |     8 |       ||     8
       Potion            |       |     3 |       ||     3
 Stab: Sleeping          |     2 |     1 |       ||     3
Armor: Robe              |    42 |    57 |     7 ||   106
       Skin              |       |    17 |       ||    17
Dodge: Dodged            |   116 |   148 |    15 ||   279

Table legend: (Time is in decaauts)
 A = Elapsed time spent in this place.
 B = Non-inter-level travel time spent in this place.
 C = Inter-level travel time spent in this place.
 D = Time resting spent in this place.
 E = Time spent auto-exploring this place.
 F = Levels seen in this place.
 G = Mean time per level.
                   A        B        C        D        E       F      G
               +--------+--------+--------+--------+--------+-----+--------+
         Total |   6185 |   6087 |     98 |   1865 |   2926 |   6 | 1030.8 |
       Dungeon |   6104 |   6006 |     98 |   1865 |   2872 |   5 | 1220.8 |
        Temple |     80 |     80 |      0 |      0 |     54 |   1 |   80.0 |
               +--------+--------+--------+--------+--------+-----+--------+

Top non-repeatable levels by time:
     D:1: 2527 daAuts
     D:3: 1220 daAuts
     D:2: 1165 daAuts
     D:4: 941 daAuts
     D:5: 250 daAuts
  Temple: 80 daAuts
